 Dungeon Crawl Stone Soup version 0.29-a0-1016-g236c7fd91e (webtiles) character file.

Game seed: 9501103699048421048

80949 rabbitsville the Alchemist (level 14, -9/100 HPs)
             Began as a Felid Summoner on Aug 7, 2022.
             Was the Champion of Jiyva.
             Killed from afar by a shock serpent (22 damage)
             ... with a bolt of electricity
             ... on level 2 of the Snake Pit on Aug 9, 2022.
             The game lasted 03:30:11 (31370 turns).

rabbitsville the Alchemist (Felid Summoner)        Turns: 31370, Time: 03:30:11

Health: -9/100     AC: 16    Str: 12    XL:     14   Next: 84%
Magic:  13/29      EV: 20    Int: 31    God:    Jiyva [******]
Gold:   4398       SH:  0    Dex: 27    Spells: 9/34 levels left
                                        Lives:  0   Deaths: 4

rFire   + + .      SeeInvis +     - Unarmed
rCold   . . .      Faith    .   (shield unavailable)
rNeg    + . .      Spirit   .   (body armour unavailable)
rPois   +          Reflect  .   (helmet unavailable)
rElec   .          Harm     .   (cloak unavailable)
rCorr   +          Rampage  .   (gloves unavailable)
Will    +++..                   (boots unavailable)
Stlth   ++++......              T - amulet of Understanding {RegenMP rN+ Int+4}
HPRegen 1.86/turn               h - ring of Vyfobel {rC+ rCorr Dex+3}
MPRegen 1.11/turn               Q - ring "Jeicueto" {Will+ Int+4 Stlth+}

@: lethally poisoned (-9 -> -9), about to teleport, short of breath,
dragon-form, flying
A: dragon claw, dragon scales, breathe fire, flying, boosted hp, giant, (claws
1), (fangs 3), see invisible, (speed 1), (shaggy fur 3), (stealthy paws), no
weapons or thrown items, no armour, multi-lived, (iridescent scales 3), agile 2,
(fire resistance 1), (poison resistance), (translucent skin 3), evolution 1,
(tendrils)
}: 1/15 runes: slimy
a: Breathe Fire, End Transformation, Renounce Religion, Oozemancy, Slimify


You were on level 2 of the Snake Pit.
You worshipped Jiyva.
Jiyva was exalted by your worship.
You were a fearsome dragon!
You visited 6 branches of the dungeon, and saw 30 of its levels.
You also visited: Sewer, Bailey and Gauntlet.

You collected 4703 gold pieces.
You spent 305 gold pieces at shops.

Inventory:

Jewellery
 h - the ring of Vyfobel (left foreclaw) {rC+ rCorr Dex+3}
   (You bought it in a shop on level 2 of the Dungeon)

   [ring of protection from cold]

   Dex:       It affects your dexterity (+3).
   rC:        It protects you from cold.
   rCorr:     It protects you from acid and corrosion.
 y - a ring of wizardry
 E - a ring of protection from cold
 G - the ring of the Hare {EV+8}
   (You found it on level 5 of the Pits of Slime)

   [ring of evasion]

   EV:        It affects your evasion (+8).
 Q - the ring "Jeicueto" (right foreclaw) {Will+ Int+4 Stlth+}
   (You found it on level 12 of the Dungeon)

   [ring of willpower]

   Int:       It affects your intelligence (+4).
   Will:      It increases your willpower.
   Stlth:     It makes you more stealthy.
 R - the ring of Reph {rElec rN+ rCorr Dex-3}
   (You took it off a death knight on level 12 of the Dungeon)

   [ring of resist corrosion]

   Dex:       It affects your dexterity (-3).
   rElec:     It insulates you from electricity.
   rN:        It protects you from negative energy.
   rCorr:     It protects you from acid and corrosion.
 T - the amulet of Understanding (around neck) {RegenMP rN+ Int+4}
   (You took it off an ogre mage on level 12 of the Dungeon)

   [amulet of magic regeneration]

   It increases your rate of magic regeneration.
   Int:       It affects your intelligence (+4).
   rN:        It protects you from negative energy.
 V - a ring of flight
Wands
 l - a wand of light (9)
 s - a wand of charming (12)
 v - a wand of digging (2)
 x - a wand of mindburst (29)
 z - a wand of roots (4)
 B - a wand of flame (32)
 O - a wand of polymorph (6)
Scrolls
 d - 5 scrolls of fog
 e - 4 scrolls of noise
 i - 3 scrolls of blinking
 m - a scroll of identify
 n - a scroll of amnesia
 o - 7 scrolls of teleportation
 q - 4 scrolls of magic mapping
 r - 3 scrolls of summoning
 t - 5 scrolls of poison
 A - 6 scrolls of fear
 J - 3 scrolls of immolation
 L - 4 scrolls of vulnerability
 M - 4 scrolls of silence
Potions
 a - 5 potions of magic
 b - 12 potions of curing
 c - 9 potions of might
 f - 5 potions of attraction
 g - 5 potions of lignification
 j - 5 potions of heal wounds
 k - 2 potions of resistance
 p - 3 potions of berserk rage
 u - 9 potions of flight
 w - 4 potions of brilliance
 C - 5 potions of invisibility
 D - 3 potions of haste
 K - 4 potions of mutation
 N - a potion of ambrosia
Miscellaneous
 F - a condenser vane
 X - a phantom mirror
 Y - a tin of tremorstones (2/2)


   Skills:
 + Level 11.5 Fighting
 + Level 15.0 Dodging
 - Level 2.6 Stealth
 + Level 7.0 Unarmed Combat
 - Level 10.6 Spellcasting
 - Level 7.0 Hexes
 - Level 12.7 Summonings
 + Level 16.2 Transmutations
 - Level 7.0 Air Magic


You had 9 spell levels left.
You knew the following spells:

 Your Spells              Type           Power      Damage    Failure   Level
a - Summon Small Mammal   Summ           100%       N/A       0%          1
b - Call Imp              Summ           76%        N/A       1%          2
c - Call Canine Familiar  Summ           76%        N/A       1%          3
d - Summon Guardian Gole  Hex/Summ       67%        N/A       1%          3
e - Summon Lightning Spi  Summ/Air       67%        N/A       1%          4
f - Dragon Form           Tmut           43%        N/A       3%          7
g - Yara's Violent Unrav  Hex/Tmut       36%        3d15      1%          5

Your spell library contained the following spells:

 Spells                   Type           Power      Damage    Failure   Level
 Ensorcelled Hibernation  Hex/Ice        76%        N/A       1%          2
 Passwall                 Tmut/Erth      50%        N/A       1%          2
 Confusing Touch          Hex            56%        N/A       1%          3
 Ignite Poison            Fire/Tmut/Pois 50%        N/A       1%          3
 Swiftness                Air            56%        N/A       1%          3
 Tukima's Dance           Hex            56%        N/A       1%          3
 Cause Fear               Hex            28%        N/A       1%          4
 Petrify                  Tmut/Erth      61%        N/A       1%          4
 Inner Flame              Hex/Fire       38%        N/A       2%          3
 Apportation              Tloc           32%        N/A       3%          1
 Foxfire                  Conj/Fire      64%        2x1d7     3%          1
 Necrotise                Necr           64%        1d7       3%          1
 Sandblast                Erth           32%        2d9       3%          1
 Alistair's Intoxication  Tmut/Pois      40%        N/A       3%          5
 Blink                    Tloc           32%        N/A       4%          2
 Anguish                  Hex/Necr       19%        N/A       8%          4
 Conjure Flame            Conj/Fire      16%        6-21      10%         3
 Stone Arrow              Conj/Erth      32%        3d9       10%         3
 Teleport Other           Tloc           16%        N/A       10%         3
 Vampiric Draining        Necr           16%        2d7       10%         3
 Corpse Rot               Necr/Pois/Air  30%        N/A       12%         4
 Eringya's Noxious Bog    Tmut/Pois      30%        N/A       17%         6
 Statue Form              Tmut/Erth      40%        N/A       17%         6
 Metabolic Englaciation   Hex/Ice        19%        N/A       21%         5
 Flame Wave               Conj/Fire      16%        2d7       30%         4
 Hailstorm                Conj/Ice       16%        3d6       30%         4
 Passage of Golubria      Tloc           16%        N/A       30%         4
 Sticky Flame             Conj/Fire      16%        2d4       30%         4
 Agony                    Necr           16%        N/A       65%         5
 Borgnjor's Vile Clutch   Necr/Erth      8%         N/A       65%         5
 Fireball                 Conj/Fire      8%         3d6       65%         5
 Enfeeble                 Hex            28%        N/A       83%         7
 Starburst                Conj/Fire      8%         6d4       99%         6
 Orb of Destruction       Conj           8%         9d6       100%        7
 Discord                  Hex            28%        N/A       100%        8
 Ignition                 Fire           8%         3d5       100%        8
 Lehudib's Crystal Spear  Conj/Erth      8%         10d3      100%        8
 Dragon's Call            Summ           38%        N/A       100%        9


Dungeon Overview and Level Annotations

Branches:
Dungeon (15/15)            Temple (1/1) D:7            Lair (5/5) D:10
 Shoals (0/4) Lair:2        Snake (2/4) Lair:3        Slime (5/5) Lair:5
    Orc (2/2) D:12            Elf (0/3) Orc:2        Vaults (0/5) D:13
 Depths (0/4) D:15          Sewer (visited)          Bailey (visited)
Gauntlet (visited)

Altars:
Ashenzari
Cheibriados
Dithmenos
Elyvilon
Fedhas
Gozag
Hepliaklqana
Kikubaaqudgha
Makhleb
Nemelex Xobeh
Okawaru
Qazlal
Ru
Sif Muna
Trog
Uskayaw
Vehumet
Wu Jian
Xom
Yredelemnul
Zin
The Shining One
Jiyva

Shops:
D:2 *   D:5 ?   D:10 *   Orc:1 (   Orc:2 (=:[

Annotations:
Slime:3 Dissolution
Slime:5 Royal Jelly


Innate Abilities, Weirdness & Mutations

You are a fearsome dragon!
You have a powerful clawing attack.
Your giant scaled body is strong and resiliant, but less evasive.
You can breathe fire.
You are flying.
Your maximum health is greatly increased.
((You have sharp claws.))
((You have razor-sharp teeth.))
You have supernaturally acute eyesight. (SInv)
((You cover ground quickly. (Speed+)))
((Your thick and shaggy fur keeps you warm. (AC +3, rC+)))
((Your paws help you pounce on unaware monsters.))
You are incapable of wielding weapons or throwing items.
You cannot wear armour.
You gain extra lives every three experience levels.
((You are completely covered in iridescent scales. (AC +6)))
You are very agile. (Dex +8, Str/Int -2)
((Your flesh is heat resistant. (rF+)))
((Your system is resistant to poisons. (rPois)))
((Your transparent skin significantly reduces your foes' accuracy. (Stealth+)))
You have hidden genetic potential.
((You are covered in slimy tendrils that may disarm your opponents.))


Message History

The shock serpent is engulfed in blazing flames.
The naga warrior is engulfed in blazing flames.
The naga warrior hits your lightning spire from afar with a +0 halberd of venom!!
Your lightning spire is destroyed!
Your lightning spire disappears in a puff of smoke!
The mana viper hisses angrily.
The naga warrior shouts!
You maul the mana viper!!!
You kill the mana viper!
You are engulfed in blazing flames.
You resist.
You feel sick. The mana viper closely misses you.
The naga warrior hits you from afar with a +0 trident!
* * * LOW HITPOINT WARNING * * *
The naga closely misses you.
The naga warrior is engulfed in blazing flames.
The naga warrior hits you but does no damage.
You are more poisoned.
The mana viper completely misses you.
You claw the naga!
You tail-slap the naga, but do no damage.
The naga is almost dead.
You are engulfed in blazing flames.
You resist.
* * * LOW HITPOINT WARNING * * *
You feel sick.
The guardian serpent hits you but does no damage.
The naga warrior spits poison at you. The splash of poison misses you.
The splash of poison misses the naga warrior.
The naga spits poison at you.
The splash of poison hits you but does no damage.
You resist.
The salamander hits you from afar with a +1 halberd of protection!
* * * LOW HITPOINT WARNING * * *
You are engulfed in flames.
You resist.
* * * LOW HITPOINT WARNING * * *
The naga warrior is engulfed in blazing flames.
The naga warrior dies!
The mana viper barely misses you.
The shock serpent shoots out a bolt of lightning at you!
The bolt of electricity hits you!!
You die...

...<...####.
.....)..#..
...☼.......
.........#
#..)....#
##NSN...#
##§S§S.#
#.......
##.§ND.#
#.......
#..§§###
#...... ##...##
#.....# ##...##
##.....###...##
#......##...##
#......#....#
...........##
..........##


You could see a naga warrior (strong, misshapen), a salamander (strong,
misshapen), a shock serpent, a mana viper (misshapen), a guardian serpent and a
naga (strong, catching breath).

Vanquished Creatures
  An ironbound preserver (D:13)
  A minotaur (Gauntlet)
  A fire dragon (D:12)
  An ettin (Orc:1)
  2 hydras
  An anaconda (Snake:1)
  A catoblepas (D:14)
  2 death knights
  3 centaur warriors
  4 tengu warriors
  4 orc high priests (Orc:2)
  2 shock serpents (Snake:2)
  2 naga sharpshooters (Snake:1)
  4 skeletal warriors (D:15)
  A naga ritualist (Snake:2)
  A wizard (D:14)
  An orc sorcerer (Orc:2)
  A deep elf pyromancer (D:12)
  2 mana vipers (Snake:2)
  3 manticores
  A cyclops (D:12)
  5 ugly things
  A salamander (Snake:2)
  2 guardian serpents (Snake:2)
  3 black mambas
  A gargoyle (D:12)
  4 naga magi
  3 yaktaurs (D:15)
  3 unseen horrors (D:12)
  A tengu conjurer (D:15)
  2 freezing wraiths (D:15)
  A troll (D:12)
  A blink frog (Lair:3)
  A dream sheep (Lair:5)
  A water elemental (D:15)
  A wraith (D:13)
  A neqoxec (Gauntlet)
  2 chaos spawn (Gauntlet)
  4 vampire mosquitoes
  3 wargs
  14 nagas
  10 orc warriors
  An ogre (Orc:2)
  A wolf (shapeshifter) (Gauntlet)
  2 wolves (Lair:4)
  An electric eel (Lair:5)
  9 orc priests
  12 orc wizards (Orc:2)
  An adder (D:6)
  22 orcs
  A ball python (D:4)
  3 bats
  An endoplasm (D:1)
  A hobgoblin (D:4)
  3 jackals
  A kobold (D:4)
  A quokka (D:2)
163 creatures vanquished.

Vanquished Creatures (collateral kills)
  A frost giant (D:15)
  2 fire dragons
  Fannar (D:10)
  Erolcha (Orc:1)
  2 boulder beetles (D:12)
  A hydra (Lair:4)
  An ogre mage (D:12)
  2 two-headed ogres
  2 naga sharpshooters (Snake:1)
  2 tengu warriors
  An orc high priest (Orc:2)
  A skeletal warrior (D:15)
  A naga ritualist (Snake:2)
  A lindwurm (Lair:5)
  2 orc knights (Orc:2)
  A wolf spider (D:11)
  A deep elf pyromancer (D:13)
  2 orc sorcerers
  2 ugly things
  A manticore (D:13)
  A cyclops (Orc:1)
  An elephant (Lair:5)
  A gargoyle (D:11)
  A guardian serpent (Snake:2)
  2 naga magi
  4 black mambas
  An unseen horror (D:12)
  11 rime drakes
  2 kobold demonologists (D:11)
  3 torpor snails (Lair:5)
  7 cane toads
  A komodo dragon (shapeshifter) (D:12)
  2 komodo dragons
  2 yaktaurs (D:15)
  A tengu conjurer (D:13)
  3 trolls
  3 hornets (Lair:5)
  A wolf spider simulacrum (D:15)
  2 tyrant leeches (Lair:5)
  7 dream sheep (Lair:5)
  10 blink frogs
  2 vampires (D:10)
  5 wyverns
  2 water elementals (D:15)
  21 yaks
  A shadow (D:11)
  9 steam dragons
  2 wraiths
  A vampire mosquito (D:10)
  A basilisk (Lair:4)
  The ghost of xian the Ducker, an amateur BaWn (D:4)
  3 nagas (Snake:2)
  6 wargs
  Edmund (D:5)
  2 acid dragons
  14 water moccasins
  2 black bears
  5 orc warriors
  15 wolves
  7 ogres
  2 centaurs
  A nameless horror (D:9)
  5 kobold brigands
  6 bullfrogs
  3 scorpions
  2 wights (D:6)
  6 killer bees
  6 howler monkeys
  3 electric eels
  A lava snake (D:10)
  18 orc priests
  2 jellies
  2 gnoll boudas
  6 hounds
  An iguana (D:5)
  12 orc wizards
  7 hell rats (Lair:5)
  11 gnolls
  7 adders
  A shadow imp (D:7)
  2 white imps (D:7)
  An ufetubus (D:5)
  3 worms
  2 dart slugs
  57 orcs
  6 bats
  8 endoplasms
  7 giant cockroaches
  10 goblins
  9 hobgoblins
  2 jackals
  8 quokkas
  2 training dummies (D:7)
  4 ball pythons
  4 frilled lizards
  27 kobolds
  A bush (Lair:4)
  A butterfly (Lair:2)
450 creatures vanquished.

Vanquished Creatures (others)
  Gastronok (Lair:3)
  An orc warlord (Bailey)
  2 boulder beetles
  6 hydras
  2 centaur warriors
  2 naga warriors (Snake:2)
  6 death yaks (Lair:5)
  2 two-headed ogres
  A dancing weapon (D:10)
  Urug (Lair:5)
  A tengu warrior (D:13)
  The ghost of rabbitsville the Nimble, a novice FeSu of Gozag (D:10)
  A lindwurm (Lair:5)
  A wolf spider (D:12)
  An orc knight (D:12)
  A deep elf pyromancer (D:13)
  3 cyclopes
  3 black mambas
  2 elephants (Lair:5)
  3 torpor snails (Lair:5)
  A naga mage (Snake:1)
  A guardian serpent (shapeshifter) (Gauntlet)
  6 cane toads
  A gargoyle (D:12)
  4 rime drakes (Lair:4)
  A rime drake (shapeshifter) (Gauntlet)
  2 komodo dragons (Lair:2)
  A kobold demonologist (D:11)
  A polar bear (Lair:5)
  A tyrant leech (Lair:5)
  A meliai (D:13)
  Prince Ribbit (D:5)
  4 trolls
  2 blink frogs (Lair:3)
  4 slime creatures
  5 hornets (Lair:5)
  3 dream sheep (Lair:5)
  2 wyverns
  A vampire (D:12)
  10 yaks
  3 steam dragons
  3 vampire mosquitoes
  Menkaure (D:6)
  2 nagas
  2 acid dragons
  A water moccasin (Lair:4)
  Duvessa (D:6)
  A black bear (D:6)
  11 orc warriors
  Pargi (Sewer)
  An ice beast (D:6)
  A sky beast (D:7)
  10 wolves
  4 ogres
  5 centaurs (D:13)
  Blork the orc (D:4)
  2 kobold brigands
  A bullfrog (D:8)
  3 necrophages (D:6)
  4 wights
  Dowan (D:6)
  A killer bee (D:9)
  A howler monkey (D:8)
  29 jellies
  An orc priest (D:8)
  A hound (D:10)
  3 iguanas
  5 orc wizards
  4 gnolls
  An adder (D:6)
  11 orcs
  2 kobolds (D:9)
  A bush (Lair:4)
  37 fungi
  137 plants
  4 toadstools (D:4)
390 creatures vanquished.

Grand Total: 1003 creatures vanquished

Notes
Turn   | Place    | Note
-------+----------+-------------------------------------------
     0 | D:1      | rabbitsville the Felid Summoner began the quest for the
                  | Orb.
     0 | D:1      | Reached XP level 1. HP: 7/7 MP: 4/4
   236 | D:1      | Reached XP level 2. HP: 11/11 MP: 4/6
   239 | D:1      | Learned a level 2 spell: Call Imp
  1242 | D:1      | Upgraded the game from 0.29-a0-1008-g949cc1d0fb to
                  | 0.29-a0-1009-g60c99734e7
  1262 | D:2      | Reached XP level 3. HP: 14/14 MP: 5/8
  1270 | D:2      | Learned a level 3 spell: Call Canine Familiar
  1364 | D:2      | Reached skill level 1 in Hexes
  1744 | D:2      | Found Gofrabb's Assorted Antiques.
  1751 | D:2      | Reached XP level 4. HP: 18/18 MP: 9/9
  1754 | D:2      | Bought a sparkling jade ring for 130 gold pieces
  1754 | D:2      | Identified the ring of Vyfobel {rC+ rCorr Dex+3} (You
                  | bought it in a shop on level 2 of the Dungeon)
  1759 | D:2      | Learned a level 3 spell: Summon Guardian Golem
  1767 | D:2      | Found a faded altar of an unknown god.
  1803 | D:2      | Identified the +1 pair of boots of Soiqe {Rampage rC++
                  | Dex-2 SInv}
  2088 | D:3      | Found a glowing golden altar of the Shining One.
  2088 | D:3      | Found a snail-covered altar of Cheibriados.
  2223 | D:3      | Found a glowing drain.
  2241 | Sewer    | Entered a sewer
  2350 | Sewer    | Noticed Pargi
  2360 | Sewer    | Slain by Pargi
  2361 | Sewer    | Reached XP level 3. HP: 0/14 MP: 4/8
  2385 | Sewer    | Killed Pargi
  2386 | Sewer    | Reached skill level 5 in Summonings
  2386 | Sewer    | Reached XP level 4. HP: 18/18 MP: 5/10
  2393 | Sewer    | Reached XP level 5. HP: 5/21 MP: 3/11
  3580 | D:4      | Noticed an ogre
  3599 | D:4      | Killed an ogre
  3771 | D:4      | Noticed Blork the orc
  3874 | D:4      | Killed Blork the orc
  3875 | D:4      | Gained mutation: You are covered in thick fur. (AC +2)
                  | [Felid growth]
  3875 | D:4      | Reached XP level 6. HP: 24/24 MP: 10/13
  4114 | D:4      | Found a runed translucent gate.
  4115 | D:4      | Found a runed translucent gate.
  4115 | D:4      | Noticed xian's ghost (amateur BaWn)
  4116 | D:4      | Found a runed translucent gate.
  4587 | D:5      | Entered Level 5 of the Dungeon
  4624 | D:5      | Reached skill level 5 in Hexes
  4760 | D:5      | Found Rareg's Magic Scroll Boutique.
  4769 | D:5      | Bought a scroll of teleportation for 33 gold pieces
  4769 | D:5      | Bought a scroll of identify for 22 gold pieces
  4913 | D:5      | Reached skill level 1 in Fighting
  4913 | D:5      | Reached skill level 1 in Air Magic
  4913 | D:5      | Reached XP level 7. HP: 28/28 MP: 11/14
  4926 | D:5      | Noticed Prince Ribbit
  4965 | D:5      | Killed Prince Ribbit
  5093 | D:5      | Found a glowing silver altar of Zin.
  5098 | D:5      | Found an iron altar of Okawaru.
  5099 | D:5      | Found a bloodstained altar of Trog.
  5101 | D:5      | Found a burning altar of Makhleb.
  5104 | D:5      | Found a hazy altar of Hepliaklqana.
  5155 | D:5      | HP: 1/29 [poisoned by a water moccasin]
  5166 | D:5      | Noticed Edmund
  5205 | D:5      | Killed Edmund
  5464 | D:5      | Reached skill level 5 in Spellcasting
  5464 | D:5      | Reached XP level 8. HP: 34/34 MP: 10/16
  5469 | D:5      | Learned a level 4 spell: Summon Lightning Spire
  5857 | D:6      | Reached skill level 5 in Dodging
  6138 | D:6      | Noticed Duvessa
  6145 | D:6      | Noticed Dowan
  6154 | D:6      | Killed Duvessa
  6154 | D:6      | Killed Dowan
  6372 | D:6      | Noticed Menkaure
  6379 | D:6      | Killed Menkaure
  6380 | D:6      | Reached XP level 9. HP: 39/39 MP: 16/18
  6637 | D:6      | Found an opulent altar of Gozag.
  6943 | D:7      | Found a staircase to the Ecumenical Temple.
  7003 | Temple   | Entered the Ecumenical Temple
  8194 | D:8      | Noticed a troll
  8215 | D:8      | Killed a troll
  8239 | D:8      | Reached skill level 5 in Fighting
  8248 | D:8      | Identified the +8 sling of Calculation {speed, rC- rN+
                  | Dex+3}
  8915 | D:9      | Reached XP level 10. HP: 40/44 MP: 9/21
  8918 | D:9      | Identified the +6 plate armour of Bierev {Dex+3}
  8993 | D:9      | Found a flagged portal.
  9029 | D:9      | Reached skill level 5 in Air Magic
  9043 | Bailey   | Entered a bailey
  9056 | Bailey   | Noticed an orc warlord
  9273 | Bailey   | Found a runed translucent gate.
  9273 | Bailey   | Found a runed translucent gate.
  9295 | Bailey   | Found a runed translucent gate.
  9380 | Bailey   | Killed an orc warlord
  9615 | Bailey   | Acquired 865 gold pieces
 10462 | D:4      | Killed xian's ghost
 11034 | D:10     | Entered Level 10 of the Dungeon
 11180 | D:10     | Noticed Fannar
 11333 | D:10     | Found a staircase to the Lair.
 11337 | D:10     | Reached XP level 11. HP: 38/49 MP: 10/23
 11452 | D:10     | Noticed a two-headed ogre
 11523 | D:10     | Killed a two-headed ogre
 11533 | D:10     | Killed Fannar
 11648 | D:10     | Found an ancient bone altar of Kikubaaqudgha.
 11698 | D:10     | Reached skill level 10 in Dodging
 11807 | D:10     | Found a runed translucent door.
 11809 | D:10     | Found a shimmering altar of Xom.
 11809 | D:10     | Noticed rabbitsville's ghost (novice FeSu)
 11810 | D:10     | Noticed a +1 trident of chaos
 11886 | D:10     | Found Ica Zaze's Assorted Antiques.
 11891 | D:10     | Bought a copper ring for 120 gold pieces
 12030 | D:10     | Noticed a two-headed ogre
 12046 | D:10     | Killed a two-headed ogre
 12571 | D:10     | Killed rabbitsville's ghost
 12578 | D:10     | Slain by a +1 trident of chaos
 12579 | D:10     | Reached XP level 10. HP: 0/47 MP: 12/23
 12621 | D:10     | HP: 2/47 [+1 trident of chaos (4)]
 12711 | D:11     | Noticed a gargoyle
 12732 | D:11     | Killed a gargoyle
 12921 | D:11     | Reached skill level 10 in Summonings
 13021 | D:10     | Killed a +1 trident of chaos
 13022 | D:10     | Reached XP level 11. HP: 26/51 MP: 17/24
 13074 | Lair:1   | Entered Level 1 of the Lair of Beasts
 13318 | Lair:1   | Noticed an eight-headed hydra
 13337 | Lair:1   | Killed an eight-headed hydra
 13466 | Lair:1   | Slain by a blink frog
 13467 | Lair:1   | Reached XP level 10. HP: -1/49 MP: 15/24
 13963 | Lair:1   | Noticed a cane toad
 14056 | Lair:1   | Killed a cane toad
 14154 | Lair:1   | Noticed a black mamba
 14159 | Lair:1   | Killed a black mamba
 14163 | Lair:1   | Noticed a seven-headed hydra
 14176 | Lair:1   | Killed a seven-headed hydra
 14452 | Lair:2   | Reached XP level 11. HP: 36/53 MP: 11/25
 14926 | Lair:2   | Found a staircase to the Shoals.
 15466 | Lair:2   | Reached skill level 10 in Spellcasting
 15804 | Lair:3   | Noticed Gastronok
 15828 | Lair:3   | Killed Gastronok
 15952 | Lair:3   | Reached skill level 10 in Fighting
 16550 | Lair:3   | Reached skill level 1 in Transmutations
 16553 | Lair:3   | Reached skill level 2 in Transmutations
 16678 | Lair:3   | Found a staircase to the Snake Pit.
 16791 | Lair:3   | Reached skill level 3 in Transmutations
 16895 | Lair:3   | Gained mutation: Your thick and shaggy fur keeps you warm.
                  | (AC +3, rC+) [Felid growth]
 16895 | Lair:3   | Reached XP level 12. HP: 58/58 MP: 21/27
 17063 | Lair:3   | Reached skill level 4 in Transmutations
 17668 | Lair:4   | Noticed a four-headed hydra
 17686 | Lair:4   | Killed a four-headed hydra
 17687 | Lair:4   | Reached skill level 5 in Transmutations
 17820 | Lair:4   | Reached skill level 6 in Transmutations
 18257 | Lair:4   | Reached skill level 7 in Transmutations
 18463 | Lair:4   | Noticed a seven-headed hydra
 18470 | Lair:4   | Killed a seven-headed hydra
 18557 | Lair:4   | Noticed a fire dragon
 18598 | Lair:4   | Killed a fire dragon
 18599 | Lair:4   | Reached skill level 8 in Transmutations
 18745 | Lair:4   | Reached skill level 9 in Transmutations
 19455 | Lair:5   | Entered Level 5 of the Lair of Beasts
 19610 | Lair:5   | Reached skill level 10 in Transmutations
 19618 | Lair:5   | Noticed Urug
 19635 | Lair:5   | Killed Urug
 19636 | Lair:5   | Reached XP level 13. HP: 47/61 MP: 11/28
 20026 | Lair:5   | Reached skill level 11 in Transmutations
 20266 | Lair:5   | Reached skill level 12 in Transmutations
 20521 | Lair:5   | Found a staircase to the Slime Pits.
 20522 | Lair:5   | Found a viscous altar of Jiyva.
 20534 | Lair:5   | Became a worshipper of Jiyva Jaskek the Shapeless
 20726 | Lair:5   | Found a runed translucent door.
 20726 | Lair:5   | Noticed a fire dragon
 20791 | Lair:5   | Paralysed by a hornet for 1 turns
 20794 | Lair:5   | Reached skill level 13 in Transmutations
 21382 | Lair:5   | Reached skill level 14 in Transmutations
 21679 | Lair:5   | Killed a fire dragon
 21896 | D:10     | Learned a level 7 spell: Dragon Form
 21907 | D:10     | Upgraded the game from 0.29-a0-1009-g60c99734e7 to
                  | 0.29-a0-1016-g236c7fd91e
 22137 | D:11     | Reached * piety under Jiyva
 22414 | D:11     | Learned a level 5 spell: Yara's Violent Unravelling
 22670 | D:12     | Reached ** piety under Jiyva
 22849 | D:12     | Found a staircase to the Orcish Mines.
 23030 | D:12     | Found a runed translucent door.
 23030 | D:12     | Found a runed translucent door.
 23031 | D:12     | Found a runed translucent door.
 23281 | D:12     | Reached XP level 14. HP: 58/66 MP: 15/29
 23607 | D:12     | Found a runed translucent door.
 23697 | D:12     | Identified the ring "Jeicueto" {Will+ Int+4 Stlth+}
 23714 | D:12     | Reached skill level 15 in Transmutations
 23749 | D:12     | Identified the ring of Reph {rElec rN+ rCorr Dex-3}
 23931 | D:12     | Identified the amulet of Understanding {RegenMP rN+ Int+4}
 23971 | D:12     | Identified the ring "Coased" {*Slow rCorr Dex+7}
 24241 | Orc:1    | Entered Level 1 of the Orcish Mines
 24265 | Orc:1    | Reached skill level 1 in Unarmed Combat
 24424 | Orc:1    | Found a burning altar of Makhleb.
 24425 | Orc:1    | Noticed Erolcha
 24430 | Orc:1    | Killed Erolcha
 24586 | Orc:1    | Found Aghumuse's Antique Weapon Shoppe.
 24619 | Orc:1    | Reached *** piety under Jiyva
 24736 | Orc:2    | Entered Level 2 of the Orcish Mines
 24770 | Orc:2    | Found a staircase to the Elven Halls.
 24943 | Orc:2    | Found Upanoah's Jewellery Emporium.
 24943 | Orc:2    | Found Lozuwah's Armour Shoppe.
 24943 | Orc:2    | Found Aqeawaopt's Book Shoppe.
 24970 | Orc:2    | Found Owuog's Antique Weapon Emporium.
 25012 | Orc:2    | Gained mutation: Your system is resistant to poisons.
                  | (rPois) [Jiyva's grace]
 25012 | Orc:2    | Gained mutation: You are agile. (Dex +4, Str/Int -1)
                  | [Jiyva's grace]
 25012 | Orc:2    | Gained mutation: You are very agile. (Dex +8, Str/Int -2)
                  | [Jiyva's grace]
 25012 | Orc:2    | Gained mutation: Your flesh is heat resistant. (rF+)
                  | [Jiyva's grace]
 25045 | Orc:2    | Reached skill level 16 in Transmutations
 25263 | Orc:2    | Reached **** piety under Jiyva
 25325 | Orc:2    | Found a runed translucent door.
 25822 | D:13     | Noticed an ironbound preserver
 25833 | D:13     | Killed an ironbound preserver
 25868 | D:13     | Found a gate to the Vaults.
 26162 | D:13     | Reached XP level 15. HP: 69/69 MP: 30/30
 26184 | D:13     | Found a gate leading to a gauntlet.
 26191 | Gauntlet | Entered a Gauntlet
 26191 | Gauntlet | Found a transporter.
 26201 | Gauntlet | Found a transporter.
 26216 | Gauntlet | Reached ***** piety under Jiyva
 26217 | Gauntlet | Found a transporter.
 26222 | Gauntlet | Found a transporter.
 26239 | Gauntlet | Found a transporter.
 26257 | Gauntlet | Found a transporter.
 26269 | Gauntlet | Found a transporter.
 26281 | Gauntlet | Found a transporter.
 26296 | Gauntlet | Found a transporter.
 26305 | Gauntlet | Found a transporter.
 26322 | Gauntlet | Found a transporter.
 26339 | Gauntlet | Gained mutation: Your translucent skin slightly reduces
                  | your foes' accuracy. (Stealth+) [Jiyva's grace]
 26339 | Gauntlet | Gained mutation: Your translucent skin reduces your foes'
                  | accuracy. (Stealth+) [Jiyva's grace]
 26339 | Gauntlet | Gained mutation: Your transparent skin significantly
                  | reduces your foes' accuracy. (Stealth+) [Jiyva's grace]
 26339 | Gauntlet | Gained mutation: You have hidden genetic potential.
                  | [Jiyva's grace]
 26340 | Gauntlet | Found a transporter.
 26342 | Gauntlet | Found a transporter.
 26370 | Gauntlet | Found a transporter.
 26370 | Gauntlet | Found a transporter.
 26372 | Gauntlet | Found a transporter.
 26400 | Gauntlet | Found a transporter.
 26402 | Gauntlet | Found a transporter.
 26633 | Gauntlet | Identified the amulet "Tota" {Faith Regen+ Int-5 SInv}
 26677 | Gauntlet | Identified the +5 dire flail "Vaosel" {vorpal, rElec Dex+6}
 26677 | Gauntlet | Identified the +5 scale mail "Temi" {*Slow rElec rC+ Dex+3}
 26700 | Gauntlet | Identified the +0 acid dragon scales of Contentment {+Blink
                  | Regen+ rCorr Stlth+}
 26704 | Gauntlet | Got Beroifag's Tome of Concussion
 27742 | D:14     | Reached skill level 5 in Unarmed Combat
 28121 | D:15     | Entered Level 15 of the Dungeon
 28152 | D:15     | HP: 2/105 [yaktaur/bolt (22)]
 28332 | D:15     | Reached ****** piety under Jiyva
 28722 | Slime:1  | Entered Level 1 of the Pits of Slime
 28736 | Slime:2  | Noticed an acid blob
 28739 | Slime:3  | Noticed Dissolution
 28739 | Slime:3  | Noticed an acid blob
 28739 | Slime:3  | Noticed an acid blob
 28744 | Slime:4  | Noticed an acid blob
 28751 | Slime:4  | Noticed an acid blob
 28753 | Slime:5  | Entered Level 5 of the Pits of Slime
 28838 | Slime:5  | Noticed an acid blob
 28855 | Slime:5  | Noticed a rockslime
 28924 | Slime:5  | Noticed an acid blob
 28927 | Slime:5  | Noticed an acid blob
 28943 | Slime:5  | Noticed an azure jelly
 28944 | Slime:5  | Noticed an azure jelly
 28945 | Slime:5  | Found a viscous altar of Jiyva.
 28947 | Slime:5  | Found the ring of the Hare {EV+8}
 28951 | Slime:5  | Got the Compendium of the Alluring Traveller
 28952 | Slime:5  | Noticed an acid blob
 28957 | Slime:5  | Got Kikubaaqudgha's Excursus on Evil Secrets
 28965 | Slime:5  | Noticed the Royal Jelly
 28967 | Slime:5  | Identified the +3 hand axe of Ituec {distort, rElec rPois}
 28968 | Slime:5  | Identified the +0 scale mail of Hysteria {+Blink Will+
                  | MP+9}
 28980 | Slime:5  | Got a slimy rune of Zot
 28983 | Slime:5  | Identified the +6 crystal plate armour of Baldness {Str+3}
 29010 | Slime:5  | Noticed an acid blob
 29054 | Slime:5  | Noticed an acid blob
 29063 | Slime:5  | Noticed an acid blob
 29064 | Slime:5  | Noticed an acid blob
 29075 | Slime:4  | Noticed an acid blob
 29462 | D:15     | Gained mutation: You are partially covered in iridescent
                  | scales. (AC +2) [Jiyva's grace]
 29462 | D:15     | Gained mutation: You are mostly covered in iridescent
                  | scales. (AC +4) [Jiyva's grace]
 29462 | D:15     | Gained mutation: You are completely covered in iridescent
                  | scales. (AC +6) [Jiyva's grace]
 29462 | D:15     | Gained mutation: You are covered in slimy tendrils that may
                  | disarm your opponents. [Jiyva's grace]
 29651 | D:15     | Found a staircase to the Depths.
 29651 | D:15     | Noticed a frost giant
 29668 | D:15     | Killed a frost giant
 30000 | D:15     | Found a hide-covered altar of Uskayaw.
 30401 | Snake:1  | Entered Level 1 of the Snake Pit
 30414 | Lair:3   | Acquired 1002 gold pieces
 30743 | Snake:1  | Found the +5 robe of Misfortune {Harm *Corrode *Slow EV+5}
 31071 | Snake:1  | HP: 4/106 [naga mage/bolt of poison (5)]
 31072 | Snake:1  | Asphyxiated
 31073 | Snake:1  | Reached XP level 14. HP: -1/100 MP: 29/29
 31365 | Snake:2  | Reached skill level 15 in Dodging
 31370 | Snake:2  | Killed from afar by a shock serpent

Illustrated notes

Levels and vault maps discovered:
D:1:      dpeg_arrival_connections, layout_basic
D:2:      layout_loops_cross, serial_shops, nicolae_shop_advertising_works
          [nicolae_subvault_shop_adworks], hellmonk_ecumenical_altar_dog_temple
D:3:      layout_loops_ring, nicolae_overflow_two_pavilions,
          gup_sewer_entry_pipe
D:4:      layout_rooms, serial_co_window_serial, co_window_corner_a,
          co_window_paths_a, co_window_paths_a, co_window_paths_a,
          co_window_paths_b, co_window_of_opportunity_b, co_window_2corner,
          co_window_of_opportunity_b, co_window_corner_b,
          co_window_unsneaky_path_e, co_window_of_opportunity_b,
          co_window_4corner_b, co_window_4corner_a, glass_columns_c,
          glass_columns_a, glass_columns_a, glass_columns_a,
          gammafunk_ghost_nasty_kobolds, st_stairs_14, minmay_gold_behind_fungi,
          uniq_blork_the_orc
D:5:      layout_gridville, minitemple, serial_shops, shop, uniq_prince_ribbit1,
          uniq_edmund
D:6:      layout_rooms, mainiacjoe_overflow_24_doors, uniq_duvessa,
          uniq_menkaure
D:7:      dreamdust_elfheim, layout_gridville, minmay_temple_entry_antechambers
D:8:      layout_cave_pools
D:9:      layout_cave_pods, enter_bailey_4
D:10:     layout_basic, mainiacjoe_overflow_brackets, erik_lair_island,
          ebering_ghost_xom, serial_shops, nicolae_shop_stone, minivault_25_ag,
          kennysheep_dice, uniq_fannar
D:11:     layout_rooms
D:12:     minmay_the_grid_triangle_9x9_recursive_3
          [minmay_the_grid_triangle_9x9_intruding_spiral,
          minmay_the_grid_triangle_9x9_subtriangle,
          minmay_the_grid_triangle_9x9_shrine,
          minmay_the_grid_triangle_9x9_prize_special,
          minmay_the_grid_triangle_9x9_limited_checkers,
          minmay_the_grid_triangle_9x9_alien,
          minmay_the_grid_triangle_9x9_wacky_v,
          minmay_the_grid_triangle_9x9_sprig,
          minmay_the_grid_triangle_9x9_fully_insulated_deathbox],
          layout_small_grid, orc_0_dummy
D:13:     layout_layer_cave, skrybe_vaults_entry_preservation,
          gauntlet_entry_generic
D:14:     layout_stronghold
D:15:     grunt_enter_depths_snipers, layout_basic, nicolae_uskayaw_dance_hall,
          serial_bayou_lagoon_a, patterned_corridor
Temple:   hellmonk_temple_forest_ring
Lair:1:   cheibrodos_lair_river_kwai, layout_chaotic_city, grunt_megastairs_5
Lair:2:   layout_regular_city, elwin_shoals_entry_rocks, beast_lair_carwin_9,
          lemuel_fruit_fields, grunt_megastairs_2, serial_bayou_shore_b
Lair:3:   beast_lair_carwin_large_3, layout_cave_pods, dummy_snake_entry,
          lemuel_fruit_tree, uniq_gastronok
Lair:4:   layout_regular_city, bobbens_dragon_lair_wall,
          infiniplex_staircase_pool_2
Lair:5:   wormcave, layout_gridlike, minmay_slime_entry_pillars, uniq_urug
Snake:1:  layout_gridlike
Snake:2:  layout_onion
Slime:1:  layout_caves
Slime:2:  layout_caves
Slime:3:  layout_caves, cheibrodos_slime_lost_civilization_5, uniq_dissolution
Slime:4:  layout_caves
Slime:5
Orc:1:    layout_diamond_mine, serial_shops, nicolae_square_shop, basic_altar,
          abandoned_shop, mines5_lemuel, uniq_erolcha
Orc:2:    st_orc_mages, layout_caves, lightli_church_of_beogh

Skill      XL: |  1  2  3  4  5  6  7  8  9 10 11 12 13 14 15 |
---------------+----------------------------------------------+-----
Hexes          | 3 2 4 5 6 7 |  7.0
Spellcasting   | 3 4 5 6 7 10 | 10.6
Summonings     | 5 6 7 8 10 12 | 12.7
Fighting       | 1 2 4 5 9 10 11 | 11.5
Dodging        | 3 4 6 7 12 13 15 14 | 15.0
Air Magic      | 1 2 3 4 7 |  7.0
Transmutations | 3 10 14 16 | 16.2
Unarmed Combat | 7 6 |  7.0
Stealth        | |  2.6

Action                   |  1- 3 |  4- 6 |  7- 9 | 10-12 | 13-15 || total
-------------------------+-------+-------+-------+-------+-------++-------
Melee: Unarmed           |    10 |    17 |     7 |    58 |   306 ||   398
       Bite              |     2 |     3 |     1 |     5 |    43 ||    54
       Tailslap          |       |       |       |       |    49 ||    49
       Punch             |       |       |       |       |     7 ||     7
 Cast: Summon Small Mamm |     8 |       |       |    10 |       ||    18
       Call Imp          |    11 |     3 |     7 |    16 |    16 ||    53
       Call Canine Famil |     3 |    29 |    44 |    81 |    53 ||   210
       Summon Guardian G |     1 |     4 |    32 |   125 |    90 ||   252
       Summon Lightning  |       |       |     3 |    76 |    90 ||   169
       Dragon Form       |       |       |       |       |    32 ||    32
       Yara's Violent Un |       |       |       |       |    13 ||    13
 Abil: Breathe Fire      |       |       |       |       |    24 ||    24
       End Transformatio |       |       |       |       |     1 ||     1
Evoke: Wand              |       |       |       |     1 |     4 ||     5
  Use: Scroll            |       |     4 |     8 |    11 |     8 ||    31
       Potion            |       |       |     2 |     1 |     1 ||     4
 Stab: Distracted        |       |       |       |     2 |     9 ||    11
       Betrayed ally     |       |       |       |       |     1 ||     1
       Sleeping          |       |       |       |       |     1 ||     1
Armor: Skin              |     5 |     2 |     7 |    10 |   122 ||   146
Dodge: Dodged            |    25 |    35 |    84 |   268 |   412 ||   824

Table legend: (Time is in decaauts)
 A = Elapsed time spent in this place.
 B = Non-inter-level travel time spent in this place.
 C = Inter-level travel time spent in this place.
 D = Time resting spent in this place.
 E = Time spent auto-exploring this place.
 F = Levels seen in this place.
 G = Mean time per level.
                   A        B        C        D        E       F      G
               +--------+--------+--------+--------+--------+-----+--------+
         Total |  27298 |  25386 |   1912 |   1130 |  14436 |  33 |  827.2 |
       Dungeon |  15197 |  14003 |   1194 |    468 |   8500 |  15 | 1013.1 |
        Temple |    140 |    130 |     10 |      0 |    121 |   1 |  140.0 |
          Lair |   7988 |   7415 |    573 |    444 |   4285 |   5 | 1597.6 |
     Snake Pit |    873 |    853 |     20 |      0 |    445 |   2 |  436.5 |
    Slime Pits |    315 |    270 |     45 |      0 |    190 |   5 |   63.0 |
  Orcish Mines |   1312 |   1244 |     68 |      0 |    616 |   2 |  656.0 |
         Sewer |    491 |    491 |      0 |    218 |     73 |   1 |  491.0 |
        Bailey |    499 |    499 |      0 |      0 |    148 |   1 |  499.0 |
      Gauntlet |    480 |    480 |      0 |      0 |     55 |   1 |  480.0 |
               +--------+--------+--------+--------+--------+-----+--------+

Top non-repeatable levels by time:
  Lair:4: 1979 daAuts
  Lair:5: 1914 daAuts
    D:12: 1852 daAuts
    D:10: 1684 daAuts
  Lair:3: 1665 daAuts
  Lair:2: 1323 daAuts
     D:9: 1131 daAuts
     D:4: 1124 daAuts
     D:7: 1113 daAuts
  Lair:1: 1106 daAuts
     D:1: 1087 daAuts
     D:6: 1046 daAuts
     D:5: 1020 daAuts
    D:13: 982 daAuts
   Orc:2: 854 daAuts
